 Dungeon Crawl Stone Soup version 0.17.1-3-g152610e (webtiles) character file.

96 Alarkh the Chopper (level 4, 0/33 HPs)
             Began as a Mummy Skald on Apr 16, 2016.
             Slain by Purgy (3 damage)
             ... in a sewer.
             The game lasted 00:03:22 (2006 turns).

Alarkh the Chopper (Mummy Skald)                    Turns: 2006, Time: 00:03:22

Health: 0/33       AC:  3    Str: 15    XL:     4   Next: 41%
Magic:  0/7        EV: 11    Int: 12    God:
Gold:   138        SH:  0    Dex: 11    Spells: 3 memorised, 2 levels left

rFire  x . .     SeeInvis .     a - +0 hand axe
rCold  + . .     Clarity  .     b - +0 leather armour
rNeg   + + +     SustAt   .     (no shield)
rPois  ∞         Gourm    .     (no helmet)
rElec  .         Spirit   .     (no cloak)
rCorr  .         Warding  .     (no gloves)
rMut   .         Stasis   .     (no boots)
MR     .....                    (no amulet)
Stlth  +.........               (no ring)
                                (no ring)

@: infused, very slightly contaminated, not resistant to hostile enchantments,
very unstealthy
A: no food or potions, fire vulnerability, cold resistance 1, negative energy
resistance 3, torment resistance, unbreathing
a: no special abilities


You were in a sewer.
You were not hungry.

You visited 1 branch of the dungeon, and saw 3 of its levels.
You also visited: Sewer.

You collected 138 gold pieces.

Inventory:

Hand Weapons
 a - a +0 hand axe (weapon)
Missiles
 h - 8 curare-tipped needles
 i - 7 needles of sleeping
Armour
 b - a +0 leather armour (worn)
Scrolls
 d - a scroll of fear
 e - a scroll of enchant armour
 f - a scroll of amnesia
 g - a scroll of recharging {unknown}
 j - 2 scrolls of teleportation
 k - a scroll of fog {unknown}
Books
 c - a book of Battle

   Spells                             Type                      Level
   a - Infusion                       Charms                       1
   b - Shroud of Golubria             Charms/Translocation         2
   c - Song of Slaying                Charms                       2
   d - Spectral Weapon                Hexes/Charms                 3
   e - Regeneration                   Charms/Necromancy            3


   Skills:
 - Level 2.0 Fighting
 + Level 3.9 Axes
 - Level 0.7 Armour
 - Level 0.7 Dodging
 - Level 2.0 Spellcasting
 - Level 2.4 Charms


You had 2 spell levels left.
You knew the following spells:

 Your Spells              Type           Power        Failure   Level  Hunger
a - Infusion              Chrm           #.....       14%         1    N/A
b - Song of Slaying       Chrm           #.......     21%         2    N/A
e - Shroud of Golubria    Chrm/Tloc      #.........   34%         2    N/A

Dungeon Overview and Level Annotations

Branches:
Dungeon (3/15)

Altars:
Sif Muna

Annotations:
D:3 Tobisume's ghost, amateur DsGl Sewer Purgy


Innate Abilities, Weirdness & Mutations

You do not eat or drink.
Your flesh is vulnerable to fire.
You are immune to poison.
Your flesh is cold resistant.
You are immune to negative energy.
You are immune to unholy pain and torment.
You can survive without breathing.


Message History

Purgy is lightly wounded.
Purgy bites you.
* * * LOW HITPOINT WARNING * * *
Purgy claws you.
* * * LOW HITPOINT WARNING * * *
Purgy closely misses you.
You hit Purgy.
Purgy is moderately wounded.
Purgy bites you but does no damage. Purgy claws you.
* * * LOW HITPOINT WARNING * * *
Purgy barely misses you. Purgy bites you but does no damage.
Purgy closely misses you. Purgy barely misses you.
You hit Purgy.
Purgy is moderately wounded.
Purgy bites you.
* * * LOW HITPOINT WARNING * * *
Purgy claws you.
* * * LOW HITPOINT WARNING * * *
Purgy claws you.
You die...

##≈≈≈≈≈≈≈≈≈≈≈≈≈≈
#≈≈≈≈≈≈≈≈≈≈≈≈≈≈.
≈≈≈≈≈≈≈≈≈≈≈≈≈≈#
≈≈≈≈≈≈≈≈≈≈≈≈≈.
≈≈≈≈≈≈≈≈≈≈..
#≈≈≈≈≈≈≈≈≈#
≈≈≈≈≈≈≈≈≈#
#≈≈≈≈≈≈T##
#≈≈≈≈≈≈@##
≈≈≈≈≈≈≈≈.# #####
#≈≈≈≈≈≈≈.#######!.!#
#≈≈≈≈≈≈≈≈≈≈≈..≈≈≈∩(#
#≈≈≈≈≈≈≈.#######!.!#
#≈≈≈≈≈≈≈..# #####
≈≈≈≈≈≈≈≈≈##
≈≈≈≈≈≈≈≈≈##
≈≈≈≈≈≈≈≈≈####


You could see Purgy.

Vanquished Creatures
  5 adders
  An ooze (D:1)
  A worm (D:2)
  A giant gecko (D:1)
  3 ball pythons (Sewer)
  5 bats
  2 giant cockroaches (D:1)
  4 hobgoblins
  7 kobolds
  7 giant newts
  3 goblins
  8 rats
47 creatures vanquished.

Notes
Turn   | Place    | Note
--------------------------------------------------------------
     0 | D:1      | Alarkh the Mummy Skald began the quest for the Orb.
     0 | D:1      | Reached XP level 1. HP: 16/16 MP: 3/3
   285 | D:1      | Reached XP level 2. HP: 20/22 MP: 0/5
   879 | D:2      | Reached XP level 3. HP: 27/27 MP: 1/6
   992 | D:2      | Reached skill level 3 in Axes
  1218 | D:1      | Learned a level 2 spell: Song of Slaying
  1221 | D:1      | Learned a level 2 spell: Shroud of Golubria
  1454 | D:2      | Found a deep blue altar of Sif Muna.
  1533 | D:2      | Reached XP level 4. HP: 28/33 MP: 1/7
  1687 | D:3      | Noticed Tobisume's ghost (amateur DsGl)
  1798 | D:3      | Found a glowing drain.
  1841 | Sewer    | Entered a sewer
  1991 | Sewer    | Noticed Purgy
  2006 | Sewer    | Slain by Purgy

Action                   |  1- 3 |  4- 6 || total
-------------------------+-------+-------++-------
Melee: Hand axe          |    96 |    29 ||   125
 Cast: Infusion          |    21 |     9 ||    30
       Shroud of Golubri |     1 |     1 ||     2
  Use: Scroll            |       |     4 ||     4
